 Dungeon Crawl Stone Soup version 0.19.0-9-gfd783f2 (webtiles) character file.

34 AAAAA the Sneak (level 3, 1/24 HPs)
             Began as an Octopode Warper on Nov 7, 2016.
             Quit the game on level 3 of the Dungeon.
             The game lasted 00:01:46 (298 turns).

AAAAA the Sneak (Octopode Warper)                    Turns: 298, Time: 00:01:46

Health: 1/24       AC:  1    Str: 15    XL:     3   Next: 31%
Magic:  6/6        EV: 13    Int: 15    God:
Gold:   52         SH:  0    Dex: 12    Spells: 0 memorised, 6 levels left

rFire  . . .     SeeInvis .       - Unarmed
rCold  . . .     Gourm    .     (no shield)
rNeg   . . .     Faith    .     (helmet restricted)
rPois  .         Spirit   .     (no amulet)
rElec  .         Reflect  .     i - ring of loudness (curse)
rCorr  .         Harm     .     (no ring)
MR     .....                    (no ring)
Stlth  ++........               (no ring)
                                (no ring)
                                (no ring)
                                (no ring)
                                (no ring)

@: mighty, lethally poisoned (1 -> -4)
A: almost no armour, stealthy swim, amphibious, 8 rings, constrict 8, camouflage
1, gelatinous body 1
a: no special abilities


You were on level 3 of the Dungeon.
You were not hungry.

You visited 1 branch of the dungeon, and saw 3 of its levels.

You collected 52 gold pieces.

Inventory:

Jewellery
 i - a cursed ring of loudness (left tentacle)
Scrolls
 b - a scroll of blinking
Books
 a - a book of Spatial Translocations

   Spells                             Type                      Level
   a - Blink                          Translocation                2
   b - Shroud of Golubria             Charms/Translocation         2
   c - Lesser Beckoning               Translocation                3
   d - Portal Projectile              Translocation                3
   e - Teleport Other                 Translocation                3
   f - Passage of Golubria            Translocation                4
Comestibles
 d - a bread ration
 f - a meat ration
 h - 3 chunks of flesh


   Skills:
 - Level 2.0 Fighting
 - Level 1.0 Throwing
 - Level 2.3 Dodging
 + Level 4.2 Stealth
 - Level 2.0 Unarmed Combat
 - Level 2.0 Spellcasting
   Level 3.0 Translocations


You had 6 spell levels left.
You didn't know any spells.

Dungeon Overview and Level Annotations

Branches:
Dungeon (3/15)

Altars:


Innate Abilities, Weirdness & Mutations

You cannot wear most types of armour.
You are very stealthy in the water. (Stealth+)
You are amphibious.
You can wear up to eight rings at the same time.
You can use your tentacles to constrict eight enemies at once.
Your skin changes colour to match your surroundings (Stealth+).
Your rubbery body absorbs attacks. (AC +1, EV +1)


Message History

Your surroundings suddenly seem different.
Found a stone staircase leading down.
An adder comes into view.
* * * LOW HITPOINT WARNING * * *
You feel sick.
You aren't carrying any items that you can evoke.
Unknown command.
The adder closely misses you.
You closely miss the adder. Your grab misses the adder.
Your squeeze misses the adder.
* * * LOW HITPOINT WARNING * * *
You feel sick. The adder bites you.
* * * LOW HITPOINT WARNING * * *
You are more poisoned.
The adder poisons you!
Quiver which item? (- for none, * to show all) (? for menu, Esc to quit)
Okay, then.
Quiver which item? (- for none, * to show all) (? for menu, Esc to quit)
Okay, then.
Are you sure you want to abandon this character and quit the game? (Confirm with "yes".)

.# #.# #.# #.#
##.##
##...#####
#.........
#.@S.######
#..#.......#
#...#.#.....#
#.............>
#.#...###......
# ##(.# ......
#..# #.#.. #..#
..#. #..# #.#


You could see an adder.

Vanquished Creatures
  A gnoll (D:1)
  2 adders
  2 goblins
  A hobgoblin (D:2)
  A rat (D:1)
7 creatures vanquished.

Notes
Turn   | Place    | Note
-------+----------+-------------------------------------------
     0 | D:1      | AAAAA the Octopode Warper began the quest for the Orb.
     0 | D:1      | Reached XP level 1. HP: 14/14 MP: 3/3
    65 | D:1      | Reached skill level 2 in Stealth
    65 | D:1      | Reached XP level 2. HP: 11/19 MP: 5/5
   134 | D:2      | Reached skill level 3 in Stealth
   196 | D:2      | Reached XP level 3. HP: 19/24 MP: 6/6
   280 | D:3      | Reached skill level 4 in Stealth
   297 | D:3      | HP: 1/24 [adder (1)]
   298 | D:3      | Quit the game

Skill      XL: |  1  2  3 |
---------------+----------+-----
Stealth        | 2 3 4 |  4.2
Fighting       | |  2.0
Throwing       | |  1.0
Dodging        | |  2.3
Unarmed Combat | |  2.0
Spellcasting   | |  2.0
Translocations | |  3.0

Action                   || total
-------------------------++-------
Melee: Unarmed           ||    17
       Tentacles         ||     5
       Constrict         ||     5
Throw: Tomahawk          ||     5
  Use: Scroll            ||     4
       Potion            ||     1
 Stab: Sleeping          ||     4
Dodge: Dodged            ||     8
